3L
BUCKHEAD BOWTIES @ HOUSTON 1837 BBC
09/05/2038
 
TOP OF THE 1ST
Buckhead Bowties batting - Pitching for Houston 1837 BBC : LHP Alfredo Córdova
Pitching: LHP Alfredo Córdova
Batting: RHB Matsudaira Sugahara 0-0: SINGLE (Flyball, 78S, EV 86.2 MPH)
Batting: LHB Shunso Kiyomizu 0-0: Foul Ball, location: 2F
0-1: Swinging Strike
0-2: Ball
1-2: Fly out, F8 (Flyball, 8LM, EV 90.0 MPH)
Batting: LHB Marcus Shill 0-0: Called Strike
0-1: Ball
Matsudaira Sugahara is caught stealing 2nd base 2-6
1-1: Ball
2-1: Ball
3-1: Base on Balls
Batting: RHB Emílio Agramónte 0-0: Called Strike
0-1: SINGLE (Flyball, 9S, EV 90.6 MPH)
Marcus Shill to second
Runner from 2nd tries for 3rd, SAFE, throw by RF made to third
Batting: LHB Jesús Encarnación 0-0: Ball
1-0: Reached on error, E7 (Flyball, 7D, EV 105.6 MPH)
Marcus Shill scores
Emílio Agramónte to third
Batting: RHB César Guerra 0-0: Called Strike
0-1: SINGLE (Groundball, 34D, EV 105.0 MPH)
Emílio Agramónte scores
Jesús Encarnación to third
Runner from 3rd tries for Home, SAFE, throw by RF to home
Batting: RHB Nick Bechtel 0-0: SINGLE (Line Drive, 7LM, EV 109.4 MPH)
César Guerra to second
Batting: LHB Badry Maksimenov 0-0: Ball
1-0: Ball
2-0: Called Strike
2-1: Foul Ball, location: 2F
2-2: Ball
3-2: Base on Balls
César Guerra to third
Nick Bechtel to second
Batting: RHB Luigino Colombo 0-0: Fly out, F8 (Flyball, 8RM, EV 83.8 MPH)
Top of the 1st over - 3 runs, 4 hits, 1 error, 3 left on base; Buckhead 3 - Houston 0
BOTTOM OF THE 1ST
Houston 1837 BBC batting - Pitching for Buckhead Bowties : LHP Dale Hamilton
Pitching: LHP Dale Hamilton
Batting: RHB Krystof Melichar 0-0: Ball
1-0: Ball
2-0: Called Strike
2-1: Ball
3-1: Called Strike
3-2: Fly out, F8 (Flyball, 8RD, EV 79.4 MPH)
Batting: SHB Francisco Enríquez 0-0: Ball
1-0: Called Strike
1-1: Ball
2-1: Foul Ball, location: 2F
2-2: Strikes out swinging
Batting: RHB Adam Smith 0-0: Ball
1-0: Called Strike
1-1: Foul Ball, location: 2F
1-2: Foul Ball, location: 2F
1-2: SINGLE (Line Drive, 8LS, EV 100.6 MPH)
Batting: LHB Javier Seco 0-0: Called Strike
0-1: Foul Ball, location: 2F
0-2: Foul Ball, location: 2F
0-2: Fly out, F8 (Flyball, 8LXD, EV 84.4 MPH)
Bottom of the 1st over - 0 runs, 1 hit, 0 errors, 1 left on base; Buckhead 3 - Houston 0
TOP OF THE 2ND
Buckhead Bowties batting - Pitching for Houston 1837 BBC : LHP Alfredo Córdova
Batting: RHB Matsudaira Sugahara 0-0: Ball
1-0: Fly out, F8 (Flyball, 8RS, EV 71.9 MPH)
Batting: LHB Shunso Kiyomizu 0-0: Ball
1-0: Ground out 4-3 (Groundball, 4, EV 81.9 MPH)
Batting: LHB Marcus Shill 0-0: Ball
1-0: Swinging Strike
1-1: Ball
2-1: Ball
3-1: SINGLE (Groundball, 34D, EV 93.8 MPH)
Batting: RHB Emílio Agramónte 0-0: Ball
1-0: Called Strike
1-1: Fielders Choice at 2nd, 6-4 (Groundball, 56, EV 88.1 MPH)
Top of the 2nd over - 0 runs, 1 hit, 0 errors, 1 left on base; Buckhead 3 - Houston 0
BOTTOM OF THE 2ND
Houston 1837 BBC batting - Pitching for Buckhead Bowties : LHP Dale Hamilton
Batting: RHB Phil Sherman 0-0: Ball
1-0: Ball
2-0: Called Strike
2-1: Called Strike
2-2: SINGLE (Groundball, 25, EV 61.9 MPH) (infield hit)
Batting: SHB José Pinto 0-0: Ball
1-0: Ball
2-0: Ball
3-0: Fly out, F8 (Flyball, 8RM, EV 86.2 MPH)
Batting: LHB Connor Petty 0-0: Ball
1-0: Ball
2-0: Ball
3-0: Base on Balls
Phil Sherman to second
Batting: LHB Seung-soo Ch'ae 0-0: Foul Ball, location: 2F
0-1: Ball
1-1: Ball
2-1: Ball
3-1: Foul Ball, location: 2F
3-2: Foul Ball, location: 2F
3-2: Foul Ball, location: 2F
3-2: Foul Ball, location: 2F
3-2: Strikes out swinging
Batting: LHB Ramiro Palmeiro 0-0: Called Strike
0-1: Foul Ball, location: 2F
0-2: Ground out U3 (Groundball, 3, EV 83.8 MPH)
Bottom of the 2nd over - 0 runs, 1 hit, 0 errors, 2 left on base; Buckhead 3 - Houston 0
TOP OF THE 3RD
Buckhead Bowties batting - Pitching for Houston 1837 BBC : LHP Alfredo Córdova
Batting: LHB Jesús Encarnación 0-0: Foul Ball, location: 2F
0-1: Fly out, F8 (Flyball, 8RD, EV 105.6 MPH)
Batting: RHB César Guerra 0-0: Called Strike
0-1: Ball
1-1: Ground out 5-3 (Groundball, 5, EV 76.9 MPH)
Batting: RHB Nick Bechtel 0-0: Foul Ball, location: 2F
0-1: Ball
1-1: Foul Ball, location: 2F
1-2: Ground out 5-3 (Groundball, 56S, EV 77.5 MPH)
Top of the 3rd over - 0 runs, 0 hits, 0 errors, 0 left on base; Buckhead 3 - Houston 0
BOTTOM OF THE 3RD
Houston 1837 BBC batting - Pitching for Buckhead Bowties : LHP Dale Hamilton
Batting: RHB Krystof Melichar 0-0: Swinging Strike
0-1: Ball
1-1: Foul Ball, location: 2F
1-2: Ball
2-2: Ground out 6-3 (Groundball, 6, EV 91.9 MPH)
Batting: SHB Francisco Enríquez 0-0: Foul Ball, location: 2F
0-1: SINGLE (Groundball, 56D, EV 94.4 MPH)
Batting: RHB Adam Smith 0-0: Grounds into double play, 6-4-3 (Groundball, 6, EV 83.1 MPH)
Bottom of the 3rd over - 0 runs, 1 hit, 0 errors, 0 left on base; Buckhead 3 - Houston 0
TOP OF THE 4TH
Buckhead Bowties batting - Pitching for Houston 1837 BBC : LHP Alfredo Córdova
Batting: LHB Badry Maksimenov 0-0: Ball
1-0: Ball
2-0: Called Strike
2-1: Swinging Strike
2-2: Ground out 4-3 (Groundball, 4, EV 83.1 MPH)
Batting: RHB Luigino Colombo 0-0: Fly out, F8 (Flyball, 8RD, EV 83.8 MPH)
Batting: RHB Matsudaira Sugahara 0-0: Called Strike
0-1: Ground out 1-3 (Groundball, P, EV 69.4 MPH)
Top of the 4th over - 0 runs, 0 hits, 0 errors, 0 left on base; Buckhead 3 - Houston 0
BOTTOM OF THE 4TH
Houston 1837 BBC batting - Pitching for Buckhead Bowties : LHP Dale Hamilton
Batting: LHB Javier Seco 0-0: Called Strike
0-1: SOLO HOME RUN (Flyball, 9D, EV 102.5 MPH), Distance : 375 ft
Batting: RHB Phil Sherman 0-0: Ground out 4-3 (Groundball, 4, EV 85.0 MPH)
Batting: SHB José Pinto 0-0: Ball
1-0: Ball
2-0: Foul Ball, location: 2F
2-1: Ball
3-1: SINGLE (Flyball, 9LS, EV 88.8 MPH)
Batting: LHB Connor Petty 0-0: Ball
1-0: Called Strike
1-1: SINGLE (Line Drive, 8RS, EV 102.5 MPH)
José Pinto to second
Batting: LHB Seung-soo Ch'ae 0-0: Ball
1-0: DOUBLE (Flyball, 8LD, EV 105.6 MPH)
José Pinto scores
Connor Petty to third
Batting: LHB Ramiro Palmeiro 0-0: Called Strike
0-1: Foul Ball, location: 2F
0-2: Strikes out looking
Batting: RHB Krystof Melichar 0-0: Called Strike
0-1: Ball
1-1: Ball
2-1: Foul Ball, location: 2F
2-2: Ground out 6-3 (Groundball, 6, EV 90.6 MPH)
Bottom of the 4th over - 2 runs, 4 hits, 0 errors, 2 left on base; Buckhead 3 - Houston 2
TOP OF THE 5TH
Buckhead Bowties batting - Pitching for Houston 1837 BBC : LHP Alfredo Córdova
Batting: LHB Shunso Kiyomizu 0-0: Called Strike
0-1: Foul Ball, location: 2F
0-2: Foul Ball, location: 2F
0-2: Foul Ball, location: 2F
0-2: Foul Ball, location: 2F
0-2: Foul Ball, location: 2F
0-2: Strikes out swinging
Batting: LHB Marcus Shill 0-0: Ball
1-0: Ball
2-0: Ball
3-0: Base on Balls
Batting: RHB Emílio Agramónte 0-0: Called Strike
0-1: Ball
1-1: Ball
2-1: Foul Ball, location: 2F
2-2: Strikes out swinging
Batting: LHB Jesús Encarnación 0-0: Called Strike
0-1: Ball
1-1: Ball
2-1: Swinging Strike
2-2: 2-RUN HOME RUN (Flyball, 8RXD, EV 105.0 MPH), Distance : 453 ft
Pitching: RHP Omara Moctar
Batting: RHB César Guerra 0-0: Ball
1-0: Foul Ball, location: 2F
1-1: Ball
2-1: Fly out, F9 (Flyball, 9S, EV 88.1 MPH)
Top of the 5th over - 2 runs, 1 hit, 0 errors, 0 left on base; Buckhead 5 - Houston 2
BOTTOM OF THE 5TH
Houston 1837 BBC batting - Pitching for Buckhead Bowties : LHP Dale Hamilton
Batting: SHB Francisco Enríquez 0-0: Ball
1-0: Fly out, F4 (Popup, 4S, EV 71.2 MPH)
Batting: RHB Adam Smith 0-0: Ball
1-0: SOLO HOME RUN (Flyball, 89XD, EV 98.8 MPH), Distance : 427 ft
Batting: LHB Javier Seco 0-0: Called Strike
0-1: Foul Ball, location: 2F
0-2: SINGLE (Groundball, 34D, EV 105.0 MPH)
Batting: RHB Phil Sherman 0-0: Called Strike
0-1: Ball
1-1: Ball
2-1: Foul Ball, location: 2F
2-2: Strikes out looking
Pitching: LHP Ramón Costello
Batting: SHB José Pinto 0-0: Swinging Strike
0-1: Foul Ball, location: 2F
0-2: Ball
1-2: Ball
2-2: Ball
3-2: Ground out 6-3 (Groundball, 56D, EV 106.9 MPH)
Bottom of the 5th over - 1 run, 2 hits, 0 errors, 1 left on base; Buckhead 5 - Houston 3
TOP OF THE 6TH
Buckhead Bowties batting - Pitching for Houston 1837 BBC : RHP Omara Moctar
Batting: RHB Nick Bechtel 0-0: Ball
1-0: Swinging Strike
1-1: Foul Ball, location: 2F
1-2: Ground out 6-3 (Groundball, 6, EV 106.2 MPH)
Batting: LHB Badry Maksimenov 0-0: Ball
1-0: Foul Ball, location: 2F
1-1: Called Strike
1-2: Ball
2-2: Strikes out swinging
Batting: RHB Luigino Colombo 0-0: Swinging Strike
0-1: Ball
1-1: Ground out U3 (Groundball, 34, EV 83.8 MPH)
Top of the 6th over - 0 runs, 0 hits, 0 errors, 0 left on base; Buckhead 5 - Houston 3
BOTTOM OF THE 6TH
Houston 1837 BBC batting - Pitching for Buckhead Bowties : LHP Ramón Costello
Batting: LHB Connor Petty 0-0: Ball
1-0: Ball
2-0: Ball
3-0: Base on Balls
Batting: LHB Seung-soo Ch'ae 0-0: Called Strike
0-1: Fly out, F8 (Flyball, 89D, EV 88.1 MPH)
Batting: LHB Ramiro Palmeiro 0-0: Foul Ball, location: 2F
0-1: Foul Ball, location: 2F
0-2: Ball
1-2: Ball
2-2: Ball
3-2: Grounds into double play, 6-4-3 (Groundball, 6, EV 101.9 MPH)
Bottom of the 6th over - 0 runs, 0 hits, 0 errors, 0 left on base; Buckhead 5 - Houston 3
TOP OF THE 7TH
Buckhead Bowties batting - Pitching for Houston 1837 BBC : RHP Omara Moctar
Batting: RHB Matsudaira Sugahara 0-0: Called Strike
0-1: Ball
1-1: Ball
2-1: Swinging Strike
2-2: Strikes out swinging
Batting: LHB Shunso Kiyomizu 0-0: Foul Ball, location: 2F
0-1: Hit by Pitch
Batting: LHB Marcus Shill 0-0: Called Strike
0-1: SINGLE (Groundball, 34S, EV 85.6 MPH) (infield hit)
Shunso Kiyomizu to second
Batting: RHB Emílio Agramónte 0-0: Swinging Strike
0-1: Foul Ball, location: 2F
0-2: Foul Ball, location: 2F
0-2: Ball
1-2: Ball
2-2: Strikes out looking
Batting: LHB Jesús Encarnación 0-0: SINGLE (Groundball, 56D, EV 102.5 MPH)
Shunso Kiyomizu to third
Marcus Shill to second
Runner from 3rd tries for Home, SAFE, throw by LF to home
Batting: RHB César Guerra 0-0: Swinging Strike
0-1: Fly out, F7 (Flyball, 7, EV 72.5 MPH)
Top of the 7th over - 1 run, 2 hits, 0 errors, 2 left on base; Buckhead 6 - Houston 3
BOTTOM OF THE 7TH
Houston 1837 BBC batting - Pitching for Buckhead Bowties : LHP Ramón Costello
Batting: RHB Krystof Melichar 0-0: Called Strike
0-1: SINGLE (Line Drive, 9LM, EV 96.2 MPH)
Batting: SHB Francisco Enríquez 0-0: Sac Bunt to 13 - play at first, batter OUT! 1-3
Krystof Melichar to second
Batting: RHB Adam Smith 0-0: Ball
Krystof Melichar steals 3rd base
1-0: Fly out, F8 (Flyball, 78D, EV 89.4 MPH)
Runner from 3rd tags up, OUT at HOME! 8-2
Bottom of the 7th over - 0 runs, 1 hit, 0 errors, 0 left on base; Buckhead 6 - Houston 3
TOP OF THE 8TH
Buckhead Bowties batting - Pitching for Houston 1837 BBC : RHP Omara Moctar
Batting: RHB Nick Bechtel 0-0: Called Strike
0-1: Called Strike
0-2: Ball
1-2: Strikes out swinging
Batting: LHB Badry Maksimenov 0-0: DOUBLE (Line Drive, 8LXD, EV 103.8 MPH)
Batting: RHB Luigino Colombo 0-0: Called Strike
0-1: Ball
Wild Pitch!
Badry Maksimenov to third
1-1: Swinging Strike
1-2: Ball
2-2: Strikes out looking
Batting: RHB Matsudaira Sugahara 0-0: Ball
1-0: Ball
2-0: Foul Ball, location: 2F
2-1: Ball
3-1: Foul Ball, location: 2F
3-2: Foul Ball, location: 2F
3-2: SINGLE (Line Drive, 56, EV 103.8 MPH)
Badry Maksimenov scores
Pitching: RHP Edmond McCord
Batting: LHB Shunso Kiyomizu 0-0: Called Strike
0-1: Ball
1-1: Foul Ball, location: 2F
1-2: Foul Ball, location: 2F
1-2: 2-RUN HOME RUN (Flyball, 9D, EV 87.5 MPH), Distance : 396 ft
Batting: LHB Marcus Shill 0-0: Ball
1-0: DOUBLE (Line Drive, 89D, EV 101.2 MPH)
Batting: RHB Emílio Agramónte 0-0: Ground out 5-3 (Groundball, 56, EV 78.8 MPH)
Top of the 8th over - 3 runs, 4 hits, 0 errors, 1 left on base; Buckhead 9 - Houston 3
BOTTOM OF THE 8TH
Houston 1837 BBC batting - Pitching for Buckhead Bowties : LHP Ramón Costello
Batting: LHB Javier Seco 0-0: Ball
1-0: Ball
2-0: Fly out, F8 (Flyball, 78D, EV 98.8 MPH)
Batting: RHB Phil Sherman 0-0: Fly out, F8 (Flyball, 8LD, EV 102.5 MPH)
Batting: SHB José Pinto 0-0: Swinging Strike
0-1: Swinging Strike
0-2: Ball
1-2: Ball
2-2: Ball
3-2: Strikes out swinging
Bottom of the 8th over - 0 runs, 0 hits, 0 errors, 0 left on base; Buckhead 9 - Houston 3
TOP OF THE 9TH
Buckhead Bowties batting - Pitching for Houston 1837 BBC : RHP Edmond McCord
Batting: LHB Jesús Encarnación 0-0: Ground out 4-3 (Groundball, 4, EV 101.9 MPH)
Batting: RHB César Guerra 0-0: Ball
1-0: Ball
2-0: Ball
3-0: Base on Balls
Batting: RHB Nick Bechtel 0-0: Called Strike
0-1: Foul Ball, location: 2F
0-2: Strikes out looking
Batting: LHB Badry Maksimenov 0-0: Ball
1-0: Foul Ball, location: 2F
1-1: Ground out 4-3 (Groundball, 4, EV 78.8 MPH)
Top of the 9th over - 0 runs, 0 hits, 0 errors, 1 left on base; Buckhead 9 - Houston 3
BOTTOM OF THE 9TH
Houston 1837 BBC batting - Pitching for Buckhead Bowties : LHP Ramón Costello
Batting: LHB Connor Petty 0-0: Called Strike
0-1: Ball
1-1: Ball
2-1: Swinging Strike
2-2: Foul Ball, location: 2F
2-2: Ball
3-2: Base on Balls
Pitching: RHP Omar Morales
Batting: LHB Seung-soo Ch'ae 0-0: Ball
1-0: Called Strike
1-1: Ball
2-1: Called Strike
2-2: Strikes out looking
Batting: LHB Ramiro Palmeiro 0-0: Ball
1-0: Foul Ball, location: 2F
1-1: Foul Ball, location: 2F
1-2: Ball
2-2: Ball
3-2: Base on Balls
Connor Petty to second
Batting: RHB Krystof Melichar 0-0: Ball
1-0: Ball
2-0: Ball
3-0: Called Strike
3-1: Called Strike
3-2: Base on Balls
Connor Petty to third
Ramiro Palmeiro to second
Batting: SHB Francisco Enríquez 0-0: Fielders Choice at 2nd, 4-6 (Groundball, 4MS, EV 81.9 MPH)
Connor Petty scores
Ramiro Palmeiro to third
Batting: RHB Adam Smith 0-0: Ball
1-0: Ball
2-0: Ball
3-0: Base on Balls
Francisco Enríquez to second
Pitching: LHP Yajirobei Otomo
Batting: LHB Javier Seco 0-0: Called Strike
0-1: Ground out U3 (Groundball, 3L, EV 83.8 MPH)
Bottom of the 9th over - 1 run, 0 hits, 0 errors, 3 left on base; Buckhead 9 - Houston 4
Friday, April 17th, 2020 - OOTP Baseball 20.8 Build 74